Map: Acropolis LE

Players

Smeeeger

  • Race: Terran Terran
  • League: Platinum
  • Spawn Location: 5:00

A.I. 1 (Harder) - Winner!

  • Race: Terran Terran
  • Spawn Location: 11:00

VOD

Have the link to the VOD?

Description

Time

  • Played on: July 24, 2019, 10:47 p.m.
  • Length: 4:02
Show
View Real Time Build Order
Export as new Build Order

Smeeeger Terran 

Build Orders:  

Get SALT Encoding   

  12  0:01  SCV  
  13  0:13  SCV  
  14  0:19  Supply Depot  
  14  0:26  SCV  
  15  0:40  SCV  
  15  0:41  Barracks  
  16  0:53  SCV  
  16  0:55  Refinery  
  17  1:05  SCV  
  18  1:20  SCV  
  19  1:32  Orbital Command  
  19  1:38  Command Center, Barracks Reactor  
  19  2:00  Supply Depot, SCV  
  20  2:12  SCV  
  20  2:14  Marine x2  
  23  2:22  Barracks  
  23  2:24  SCV  
  24  2:32  Marine x2  
  24  2:36  SCV  
  27  2:39  Barracks  
  27  2:47  Supply Depot  
  27  2:48  SCV  
  27  2:50  Marine x2  
  30  2:57  Orbital Command  
  31  3:05  SCV  
  31  3:07  Marine  
  31  3:11  Barracks Tech Lab  
  32  3:13  Marine  
  32  3:16  Supply Depot  
  32  3:17  SCV  
  34  3:25  Marine, SCV  
  36  3:29  Barracks Reactor, SCV  
  37  3:36  Marine x2  
  37  3:37  SCV  
  37  3:38  Supply Depot  
  40  3:42  SCV  
  40  3:43  Marine  
  42  3:52  Supply Depot  
Show
View Real Time Build Order
Export as new Build Order

A.I. 1 (Harder) Terran - Winner!

Build Orders:  

Get SALT Encoding   

  12  0:00  SCV  
  13  0:13  SCV  
  14  0:18  Supply Depot  
  14  0:25  SCV  
  15  0:40  SCV  
  15  0:41  Barracks  
  16  0:47  Refinery  
  16  0:52  SCV  
  17  1:04  SCV  
  18  1:16  SCV  
  19  1:19  Supply Depot  
  19  1:28  SCV  
  19  1:29  Marine  
  21  1:39  Barracks  
  21  1:41  Orbital Command  
  21  1:49  Refinery, Barracks Tech Lab  
  21  2:04  Factory  
  21  2:07  Marine  
  22  2:21  Supply Depot  
  22  2:25  Marauder  
  22  2:26  Marine  
  25  2:44  Marine  
  25  2:46  Marine  
  27  2:52  Supply Depot  
  27  2:54  Hellion  
  29  3:04  Marine  
  30  3:07  Marine  
  31  3:15  Hellion  
  33  3:22  Marauder  
  33  3:25  Supply Depot  
  35  3:29  Marine  
  36  3:37  Hellion  
  38  3:43  Marine  
  38  3:46  SCV  
  40  3:54  Supply Depot  
Tags
 
League
Platinum
Matchup
TvT
Race
Terran
Replay Pack
SC2 replays
Spawn Locations
Cross Positions
Add a new tag
Caveats
  • Supply blocks, unpowered buildings, or Contaminate may cause inaccurate times.
  • Supply counts are checked every 10 seconds.